cohdb
Replays
Latest Replays
All Replays
Popular Replays
Top Player Replays
Match Explorer
How It Works
Community
CoH3 Stats
Reddit
Sign in to upload your games and track your stats! →
Sign in with Steam
Match 36667545
Unlisted
Match 36667545
Overview
Messages
Build Orders
End
Panzergrenadier Squad
250 Light Carrier
Selects Armored Support Battlegroup
Panzergrenadier Squad
Selects Superior Fire Drills
Construct Light Support Kompanie
Panzergrenadier Squad
2.5-tonne Medical Truck
Fire Support Elements
Flakvierling Half-track
le.IG 18 Mechanized Group
Construct Panzerarmee Kommand
2.5-tonne Medical Truck
Selects Salvage Kits
Selects Panzer Storm
Panzer III L Medium Tank
le.IG 18 Mechanized Group
Panzer III L Medium Tank
Panzer III L Medium Tank
Emergency Repair Kits
Selects Stuka Dive Bomb
Stuka Dive Bomb
Armored Reserves
Rapid Advance
Panzer IV Assault Group
Stuka Dive Bomb
Tungsten Core Ammunition
Stuka Dive Bomb
Stuka Dive Bomb
Tiger Heavy Tank
Stuka Dive Bomb
Stuka Dive Bomb
UH|dun! ツ
UH|ck
UH|XTC
iceman
jeager05
Flying Dutchman
Stennix
Captain Dolin
0
0
Comments
sign in to comment!
No comments posted yet!